 Dungeon Crawl Stone Soup version 0.30.0 (webtiles) character file.

Game seed: 9008751971642422954

3 dialectric the Sneak (level 1, -2/11 HPs)
             Began as a Spriggan Delver on May 6, 2023.
             Slain by an adder (3 damage)
             ... on level 4 of the Dungeon.
             The game lasted 00:00:24 (139 turns).

dialectric the Sneak (Spriggan Delver)               Turns: 139, Time: 00:00:25

Health: -2/11      AC:  2    Str:  8    XL:     1   Next: 41%
Magic:  2/2        EV: 17    Int: 11    God:
Gold:   0          SH:  0    Dex: 16    Spells: 0/0 levels left

rFire   . . .        a - +0 short sword
rCold   . . .        (no shield)
rNeg    . . .        b - +0 robe
rPois   .            (helmet restricted)
rElec   .            (no cloak)
rCorr   .            (gloves unavailable)
SInv    +            (boots unavailable)
Will    .....        (no amulet)
Stlth   ++++         (no ring)
HPRegen 0.21/turn    (no ring)
MPRegen 0.08/turn

%: no passive effects
@: lethally poisoned (-2 -> -5), very quick
A: very small, no large weapons, unfitting armour, see invisible, speed 3
a: no special abilities


You were on level 4 of the Dungeon.
You visited 1 branch of the dungeon, and saw 2 of its levels.

Inventory:

Hand Weapons
 a - a +0 short sword (weapon)
Armour
 b - a +0 robe (worn)
Wands
 g - a wand of digging (3)
Scrolls
 c - a scroll of fog
 d - a scroll of magic mapping
 e - a scroll of fear
 h - a scroll of identify {unknown}
Potions
 f - a potion of haste


   Skills:
 + Level 2.4 Fighting
 + Level 2.2 Short Blades
 + Level 2.7 Dodging
 + Level 7.4 Stealth


You couldn't memorise any spells.
You didn't know any spells.
Your spell library was empty.

Dungeon Overview and Level Annotations

Branches:
Dungeon (5/15)
 Temple: D:4-7

Altars:


Innate Abilities, Weirdness & Mutations

You are very small and have problems with some larger weapons.
You are too small for most types of armour.
You have supernaturally acute eyesight. (SInv)
You cover ground extremely quickly. (Speed+++)


Message History

The orc completely misses you.
You closely miss the orc.
The orc is heavily wounded.
The orc closely misses you.
You hit the orc.
The orc is almost dead.
The orc barely misses you.
You hit the orc but do no damage.
The orc is almost dead.
The orc completely misses you.
You completely miss the orc. You punch the orc.
You kill the orc!
The adder misses you.
You closely miss the adder. The adder bites you.
A jackal comes into view.
An orc comes into view. It is wielding a +0 mace.
A jackal comes into view.
The jackal barks!
You hear a bark!
The jackal barks!
A jackal comes into view.
The jackal misses you.
You closely miss the jackal. The jackal closely misses you.
The jackal bites you.
You closely miss the jackal.
The jackal bites you but does no damage.
The jackal closely misses you.
You barely miss the jackal. The jackal closely misses you.
The adder misses you. The jackal completely misses you. The jackal misses you.
The orc barely misses you.
You hit the jackal.
The jackal is moderately wounded.
The adder bites you.
You are poisoned.
The adder poisons you! The jackal closely misses you. The jackal misses you.
The orc barely misses you.
You hit the jackal but do no damage.
The jackal is lightly wounded.
You feel sick. The jackal bites you.
* * * LOW HITPOINT WARNING * * *
The adder bites you.
You die...

## .## ..##
.#.##
###..#.#
#.oh..#
###@h#
#.S##.#
###..# .#
#..#####.#
###..#..##.#
#..###.).#
.# ###..#S.#
. #..###.##
###..#..#


You could see an adder, an orc and 2 jackals.

Vanquished Creatures
  An orc (D:4)
  A kobold (D:4)
2 creatures vanquished.

Notes
Turn   | Place    | Note
-------+----------+-------------------------------------------
     0 | D:5      | dialectric the Spriggan Delver began the quest for the Orb.
     0 | D:5      | Reached XP level 1. HP: 11/11 MP: 2/2
     2 | D:5      | Noticed an ice beast
     2 | D:5      | Noticed a hound
     3 | D:5      | Noticed an ogre
     4 | D:5      | Noticed an ice beast
     8 | D:5      | Noticed a jelly
   139 | D:4      | Slain by an adder

Illustrated notes

Levels and vault maps discovered:
D:4:      minmay_razor_zed, layout_loops_ring, serial_undead, serial_undead_c,
          serial_undead_c, serial_undead_c, serial_undead_a, serial_undead_f,
          minmay_misc_feat_alley, nicolae_kite_square_tiling_tiny
D:5:      layout_cave_pools, nicolae_shop_gadgets

Action                     || total
---------------------------++-------
  Melee: Short sword       ||    22
         Punch             ||     1
 Armour: Robe              ||     2
  Dodge: Dodged            ||    24
